 Dungeon Crawl Stone Soup version 0.26-a0-949-ga0cc1ef5f6 (webtiles) character file.

Game seed: 9179476073366621899

24425 jiml777 the Thaumaturge (level 12, -14/60 HPs)
             Began as a Deep Elf Air Elementalist on Nov 28, 2020.
             Was a Priest of Sif Muna.
             Demolished by a black mamba (17 damage)
             ... on level 3 of the Lair of Beasts.
             The game lasted 02:18:19 (17306 turns).

jiml777 the Thaumaturge (DEAE)                     Turns: 17306, Time: 02:18:19

Health: -14/60     AC:  8    Str:  5    XL:     12   Next: 80%
Magic:  19/32      EV: 13    Int: 26    God:    Sif Muna [***...]
Gold:   2179       SH:  6    Dex: 15    Spells: 23/39 levels left

rFire    + + .     SeeInvis +   d - staff of fire
rCold    + . .     Faith    .   z - +1 buckler
rNeg     . . .     Spirit   .   N - +2 robe {MR+}
rPois    +         Reflect  .   L - +1 helmet {SInv}
rElec    .         Harm     .   p - scarf {rC+ rF+}
rCorr    +         Rampage  .   (no gloves)
MR       ++...                  o - +1 pair of boots
Stlth    +++.......             x - amulet of magic regeneration
HPRegen  0.20/turn              Q - ring of poison resistance
MPRegen  0.48/turn              E - ring of resist corrosion

@: swift, studying Invocations, very quick
A: no striking features
a: Channel Magic, Forget Spell, Renounce Religion


You were on level 3 of the Lair of Beasts.
You worshipped Sif Muna.
Sif Muna was most pleased with you.
You visited 3 branches of the dungeon, and saw 15 of its levels.
You also visited: Bailey.

You collected 2179 gold pieces.

Inventory:

Hand Weapons
 e - a +1 short sword
Missiles
 g - 282 arrows
 u - 4 curare-tipped darts
 A - 3 throwing nets
Armour
 o - a +1 pair of boots (worn)
 p - a scarf of resistance (worn)
 z - a +1 buckler (worn)
 G - a +2 robe of positive energy
 L - a +1 helmet of see invisible (worn)
 N - a +2 robe of magic resistance (worn)
Magical Staves
 d - an uncursed staff of fire (weapon)
Jewellery
 f - an uncursed ring of see invisible
 v - a +6 ring of dexterity
 x - an amulet of magic regeneration (around neck)
 C - an uncursed ring of fire
 E - a ring of resist corrosion (right hand)
 O - an uncursed amulet of faith
 Q - a ring of poison resistance (left hand)
 W - an uncursed ring of positive energy
Wands
 b - a wand of paralysis (17)
 r - a wand of iceblast (3)
 s - a wand of flame (5)
 F - a wand of disintegration (21)
 S - a wand of digging (3)
 T - a wand of polymorph (8)
 U - a wand of acid (11)
Scrolls
 a - 3 scrolls of enchant weapon
 i - 5 scrolls of remove curse
 j - 9 scrolls of teleportation
 l - 2 scrolls of fear
 y - a scroll of magic mapping
 B - 4 scrolls of amnesia
 D - a scroll of vulnerability
 H - 2 scrolls of fog
 I - a scroll of silence
 P - a scroll of summoning {unknown}
Potions
 c - 4 potions of brilliance
 h - 4 potions of flight
 k - 3 potions of might
 m - 3 potions of lignification
 q - 5 potions of curing
 t - 3 potions of ambrosia
 w - a potion of invisibility
 J - a potion of haste
 K - a potion of berserk rage {unknown}
 M - a potion of cancellation {unknown}
Books
 V - a manual of Invocations
Miscellaneous
 R - a phial of floods


   Skills:
 - Level 0.4 Fighting
 - Level 3.3 Dodging
 - Level 4.0 Stealth
 - Level 3.1 Shields
 * Level 14.2 Spellcasting
 - Level 6.0 Conjurations
 - Level 6.5 Translocations
 * Level 13.2 Air Magic
 * Level 6.9 Invocations
 * Level 7.7 Evocations


You had 23 spell levels left.
You knew the following spells:

 Your Spells              Type           Power        Failure   Level
a - Shock                 Conj/Air       ####         1%          1
b - Swiftness             Air            ######..     1%          2
c - Static Discharge      Conj/Air       ######..     1%          3
d - Airstrike             Air            ######....   1%          4
e - Lightning Bolt        Conj/Air       ######....   1%          5
f - Apportation           Tloc           ######       1%          1

Your spell library contained the following spells:

 Spells                   Type           Power        Failure   Level
 Magic Dart               Conj           ####         1%          1
 Searing Ray              Conj           #####.       1%          2
 Iskenderun's Mystic Bla  Conj/Tloc      ######..     2%          4
 Animate Skeleton         Necr           ###...       3%          1
 Corona                   Hex            ###....      3%          1
 Pain                     Necr           ###.         3%          1
 Sandblast                Erth           ###...       3%          1
 Summon Small Mammal      Summ           ###.         3%          1
 Dazzling Flash           Conj/Hex       ####..       3%          3
 Stone Arrow              Conj/Erth      ####..       3%          3
 Passwall                 Tmut/Erth      ###.....     4%          2
 Confusing Touch          Hex            ###.....     10%         3
 Summon Guardian Golem    Hex/Summ       ###.....     10%         3
 Tukima's Dance           Hex            ###.....     10%         3
 Vampiric Draining        Necr           ###.......   10%         3
 Fulminant Prism          Conj/Hex       ####......   10%         4
 Animate Dead             Necr           ###.......   32%         4
 Petrify                  Tmut/Erth      ###.....     32%         4
 Agony                    Necr           ###.....     67%         5
 Lee's Rapid Deconstruct  Erth           ###.......   67%         5
 Ignition                 Fire           ####......   100%        8
 Shatter                  Erth           ###.......   100%        9
 Tornado                  Air            ######....   100%        9


Dungeon Overview and Level Annotations

Branches:
Dungeon (11/15)            Temple (1/1) D:7            Lair (3/6) D:11
    Orc (0/2) D:9          Bailey (visited)
  Swamp: Lair:2-4    Shoals: Lair:2-4     Snake: Lair:2-4    Spider: Lair:2-4

Altars:
Ashenzari
Cheibriados
Elyvilon
Fedhas
Gozag
Hepliaklqana
Makhleb
Nemelex Xobeh
Qazlal
Sif Muna
Uskayaw
Vehumet
Xom
Yredelemnul
Zin

Shops:
D:8 [


Message History

The komodo dragon is moderately wounded.
The komodo dragon bites you!! The cane toad stings you!
* * * LOW HITPOINT WARNING * * *
Blink to where?
Press: ? - help, Dir - move target, p - komodo dragon
As you read the scroll of blinking, it crumbles to dust.
Found 21 gold pieces, a potion of might and 5 large rocks.
Found a stone staircase leading down.
Found 17 gold pieces.
A polar bear comes into view.
A cane toad comes into view.
The cane toad croaks.
The polar bear growls angrily.
A six-headed hydra comes into view.
You open the door. The cane toad stings you!
* * * LOW HITPOINT WARNING * * *
The black mamba bites you.
* * * LOW HITPOINT WARNING * * *
The black mamba bites you!
You die...

#...# ..... # .†.. .. ###
##..+#.# ..>......
##.###......##
P♣.♣P(..####.8.#†.#.##..#
...P.♣....#...††#.......#..
♣...♣......8.<..@...8......
........l.......#SF.....#.
#.#......##..8.##F#.###.#
#.#$..PF..#######.....#
#.....#..# ##h+###
##...###.## ####.....#
.##!...P....###...#...#.#
............F.F.........#
................#.#.8...#


You could see a polar bear, a black mamba, a cane toad and a bullfrog.

Vanquished Creatures
  Erolcha (D:11)
  A hydra (Lair:2)
  A boulder beetle (D:11)
  4 elephants (Lair:3)
  An ugly thing (D:11)
  A black mamba (Lair:2)
  6 cane toads
  4 komodo dragons
  A troll (D:10)
  A hornet (Lair:2)
  A polar bear (Lair:2)
  12 blink frogs
  4 dream sheep (Lair:2)
  4 wraiths (D:11)
  Sigmund (D:5)
  A wyvern (D:8)
  21 yaks
  Grum (Lair:1)
  A steam dragon (D:6)
  An acid dragon (D:11)
  10 water moccasins
  16 orc warriors
  A swamp drake (D:9)
  2 sky beasts (D:10)
  2 ice beasts
  2 phantoms (D:6)
  2 necrophages
  15 wolves
  4 ogres
  5 centaurs
  Blork the orc (D:6)
  A big kobold (D:8)
  13 bullfrogs
  A wyvern zombie (D:11)
  A scorpion (D:11)
  17 killer bees
  7 wights
  4 howler monkeys (D:10)
  A bullfrog zombie (D:11)
  A centaur zombie (D:6)
  7 hounds
  A quasit (D:10)
  4 bullfrog skeletons
  2 jellies (D:6)
  11 orc priests
  3 centaur skeletons
  4 iguanas
  Ijyb (D:3)
  6 orc wizards
  10 worker ants
  A hound zombie (D:7)
  4 hound skeletons
  A worker ant zombie (D:9)
  11 adders
  A gnoll (D:2)
  2 howler monkey skeletons
  An ufetubus (D:6)
  An adder skeleton (D:7)
  3 adder zombies
  3 worms
  3 dart slugs
  6 leopard geckos
  55 orcs
  6 giant cockroaches
  5 goblins
  13 hobgoblins
  3 jackals (D:6)
  12 kobolds
  7 quokkas
  A ball python (D:3)
  7 bats
  3 frilled lizards (D:2)
  A leopard gecko skeleton (D:5)
  A quokka zombie (D:7)
  13 rats
387 creatures vanquished.

Vanquished Creatures (others)
  A sky beast (D:9)
  67 fungi
  90 plants
158 creatures vanquished.

Grand Total: 545 creatures vanquished

Notes
Turn   | Place    | Note
-------+----------+-------------------------------------------
     0 | D:1      | jiml777 the Deep Elf Air Elementalist began the quest for
                  | the Orb.
     0 | D:1      | Reached XP level 1. HP: 10/10 MP: 6/6
   304 | D:1      | Reached XP level 2. HP: 15/15 MP: 6/8
   734 | D:1      | Reached XP level 3. HP: 19/19 MP: 5/9
  1185 | D:2      | You fall into a shaft and drop 2 floors!
  1221 | D:4      | Reached XP level 4. HP: 24/24 MP: 4/11
  1399 | D:4      | Learned a level 2 spell: Swiftness
  1403 | D:4      | Learned a level 3 spell: Static Discharge
  1486 | D:4      | Reached XP level 5. HP: 28/28 MP: 8/12
  1498 | D:4      | Reached skill level 4 in Spellcasting
  1971 | D:4      | Reached XP level 6. HP: 12/32 MP: 7/15
  2169 | D:3      | Reached skill level 5 in Spellcasting
  2210 | D:3      | Learned a level 4 spell: Airstrike
  2216 | D:3      | Learned a level 5 spell: Lightning Bolt
  2331 | D:3      | Found a hazy altar of Hepliaklqana.
  2331 | D:3      | Noticed Ijyb
  2340 | D:3      | Killed Ijyb
  2927 | D:3      | Found a shimmering altar of Xom.
  3548 | D:2      | Found a broken altar of Ashenzari.
  3598 | D:2      | Found a sparkling altar of Nemelex Xobeh.
  3601 | D:2      | Found a radiant altar of Vehumet.
  3604 | D:2      | Found a stormy altar of Qazlal.
  4100 | D:4      | Reached skill level 5 in Air Magic
  4364 | D:5      | Entered Level 5 of the Dungeon
  4414 | D:5      | Reached skill level 1 in Evocations
  4626 | D:5      | Noticed Sigmund
  4630 | D:5      | Killed Sigmund
  4631 | D:5      | Reached skill level 6 in Spellcasting
  4631 | D:5      | Reached XP level 7. HP: 37/37 MP: 0/18
  5157 | D:6      | Noticed a steam dragon
  5182 | D:6      | Killed a steam dragon
  5518 | D:6      | Reached skill level 7 in Spellcasting
  5518 | D:6      | Reached XP level 8. HP: 42/42 MP: 11/20
  5549 | D:6      | Noticed Blork the orc
  5558 | D:6      | Killed Blork the orc
  5859 | D:6      | Reached skill level 8 in Spellcasting
  5986 | D:6      | Identified a scroll of acquirement
  5986 | D:6      | Acquired 1253 gold pieces
  6254 | D:7      | Learned a level 1 spell: Apportation
  6349 | D:7      | Found a staircase to the Ecumenical Temple.
  6396 | Temple   | Entered the Ecumenical Temple
  6402 | Temple   | Became a worshipper of Sif Muna the Loreminder
  6445 | D:7      | Reached skill level 9 in Spellcasting
  6480 | D:7      | Found a white marble altar of Elyvilon.
  6571 | D:7      | Reached XP level 9. HP: 46/46 MP: 12/24
  6605 | D:7      | Reached skill level 1 in Translocations
  6605 | D:7      | Reached skill level 1 in Invocations
  6644 | D:7      | Found an opulent altar of Gozag.
  6646 | D:7      | Identified the Guide on the Oath
  6701 | D:7      | Found a basalt altar of Yredelemnul.
  6912 | D:8      | Reached skill level 5 in Evocations
  7191 | D:8      | Found a flagged portal.
  7221 | Bailey   | Entered a bailey
  7319 | Bailey   | Reached * piety under Sif Muna
  7320 | Bailey   | Reached skill level 1 in Shields
  7756 | Bailey   | Reached skill level 10 in Spellcasting
  8016 | Bailey   | Reached skill level 5 in Conjurations
  8339 | Bailey   | Noticed an orc knight
  8603 | D:8      | Acquired a book of the Tempests
  8804 | D:8      | Found a snail-covered altar of Cheibriados.
  9011 | D:8      | Found Xiloton's Armour Boutique.
  9086 | D:9      | Reached XP level 10. HP: 51/51 MP: 14/26
  9714 | D:9      | Found a glowing silver altar of Zin.
  9716 | D:9      | Found a hide-covered altar of Uskayaw.
 10281 | D:9      | Reached ** piety under Sif Muna
 10658 | D:9      | Reached skill level 11 in Spellcasting
 10776 | D:9      | Found a staircase to the Orcish Mines.
 10917 | D:10     | Entered Level 10 of the Dungeon
 11999 | D:11     | Noticed a boulder beetle
 12017 | D:11     | Killed a boulder beetle
 12018 | D:11     | Reached skill level 10 in Air Magic
 12392 | D:11     | Reached XP level 11. HP: 55/55 MP: 13/28
 12485 | D:11     | Reached *** piety under Sif Muna
 12754 | D:11     | Noticed Erolcha
 12762 | D:11     | Killed Erolcha
 12763 | D:11     | Reached skill level 12 in Spellcasting
 12763 | D:11     | Reached skill level 5 in Translocations
 12841 | D:11     | Found a staircase to the Lair.
 13230 | D:11     | Noticed a cyan ugly thing
 13236 | D:11     | Killed a cyan ugly thing
 13261 | D:11     | Reached skill level 5 in Invocations
 13520 | Lair:1   | Entered Level 1 of the Lair of Beasts
 15122 | Lair:1   | Noticed Grum
 15133 | Lair:1   | Reached XP level 12. HP: 60/60 MP: 18/30
 15134 | Lair:1   | Killed Grum
 15140 | Lair:1   | Reached skill level 13 in Spellcasting
 16829 | Lair:2   | Noticed a five-headed hydra
 16835 | Lair:2   | Killed a five-headed hydra
 17230 | Lair:3   | Reached skill level 14 in Spellcasting
 17301 | Lair:3   | Noticed a six-headed hydra
 17305 | Lair:3   | HP: 3/60 [black mamba (4)]
 17306 | Lair:3   | Demolished by a black mamba

Illustrated notes

Levels and vault maps discovered:
D:1:      scummos_arrival_forest, layout_rooms
D:2:      minmay_razor_zed, layout_basic, grunt_temple_overflow_cloverleaf
D:3:      cheibrodos_greedy_goblins, layout_basic, old_standard_altar,
          lemuel_crystal_altar, gup_sewer_entry_spiral, uniq_ijyb
D:4:      layout_rooms
D:5:      layout_cave_pools, uniq_sigmund
D:6:      layout_rooms, uniq_blork_the_orc
D:7:      layout_rooms, kennysheep_ying_yang,
          nicolae_gozag_cash_rules_everything_around_me,
          minmay_temple_entry_antechambers
D:8:      layout_cave_pools, kennysheep_little_box, enter_bailey_4,
          serial_shops, shop, kennysheep_boxes
D:9:      layout_stronghold, nicolae_overflow_hidden_temple, erik_orc_1,
          hangedman_corner_corridor
D:10:     layout_grid_maze
D:11:     layout_basic, due_lair_maze_entry_diamond, uniq_erolcha
Temple:   eino_wide_crystal_templ
Lair:1:   layout_chaotic_city, uniq_grum
Lair:2:   layout_gridlike
Lair:3:   layout_hall_layers, grunt_forest_stairs_basic, grunt_megastairs_1

Skill      XL: |  1  2  3  4  5  6  7  8  9 10 11 12 |
---------------+-------------------------------------+-----
Air Magic      | 4 5 6 7 8 10 11 13 | 13.2
Conjurations   | 2 3 4 5 6 |  6.0
Spellcasting   | 4 6 7 9 10 11 12 14 | 14.2
Dodging        | 3 |  3.3
Evocations     | 1 3 4 5 6 7 |  7.7
Stealth        | 3 4 |  4.0
Translocations | 3 4 5 6 |  6.5
Invocations    | 3 4 5 6 |  6.9
Shields        | 2 3 |  3.1
Fighting       | |  0.4

Action                   |  1- 3 |  4- 6 |  7- 9 | 10-12 || total
-------------------------+-------+-------+-------+-------++-------
Melee: Unarmed           |     6 |       |       |       ||     6
       Short sword       |       |       |     6 |     6 ||    12
       Staff             |       |       |       |     2 ||     2
 Cast: Shock             |    69 |    92 |    34 |    18 ||   213
       Airstrike         |       |    19 |   150 |   322 ||   491
       Swiftness         |       |       |     1 |    11 ||    12
       Apportation       |       |       |     1 |       ||     1
       Lightning Bolt    |       |       |       |    54 ||    54
Invok: Channel Magic     |       |       |       |    16 ||    16
  Use: Scroll            |     8 |     8 |     4 |    10 ||    30
       Potion            |       |       |     1 |     2 ||     3
Armor: Robe              |     6 |    15 |     3 |    22 ||    46
Dodge: Dodged            |    16 |    30 |    17 |    96 ||   159
Block: Buckler           |       |       |    13 |    51 ||    64

Table legend: (Time is in decaauts)
 A = Elapsed time spent in this place.
 B = Non-inter-level travel time spent in this place.
 C = Inter-level travel time spent in this place.
 D = Time resting spent in this place.
 E = Time spent auto-exploring this place.
 F = Levels seen in this place.
 G = Mean time per level.
                   A        B        C        D        E       F      G
               +--------+--------+--------+--------+--------+-----+--------+
         Total |  17300 |  17023 |    277 |   7874 |   4933 |  16 | 1081.2 |
       Dungeon |  13341 |  13097 |    244 |   5930 |   3853 |  11 | 1212.8 |
        Temple |     12 |     12 |      0 |      0 |      0 |   1 |   12.0 |
          Lair |   2793 |   2760 |     33 |   1092 |   1080 |   3 |  931.0 |
        Bailey |   1151 |   1151 |      0 |    852 |      0 |   1 | 1151.0 |
               +--------+--------+--------+--------+--------+-----+--------+

Top non-repeatable levels by time:
    D:11: 2497 daAuts
     D:9: 1551 daAuts
  Lair:2: 1401 daAuts
  Lair:1: 1345 daAuts
     D:8: 1313 daAuts
     D:4: 1261 daAuts
     D:1: 1158 daAuts
  Bailey: 1151 daAuts
     D:6: 1111 daAuts
     D:2: 1096 daAuts
    D:10: 1047 daAuts
     D:3: 889 daAuts
     D:5: 714 daAuts
     D:7: 701 daAuts
  Lair:3: 46 daAuts
